SAAA
TREMONT DOUBLEDAYS @ BANGOR TRIDENT BASE OGRES
09/09/2017
 
TOP OF THE 1ST
Tremont Doubledays batting - Pitching for Bangor Trident Base Ogres : RHP Shannon Lambright
Pitching: RHP Shannon Lambright
Batting: RHB José Romero 0-0: Ball
1-0: Ball
2-0: Fly out, F2 (Popup, 2RF)
Batting: SHB Ludovico Bluemel 0-0: Swinging Strike
0-1: Ground out U3 (Groundball, 3)
Batting: SHB Carroll Kline 0-0: SOLO HOME RUN (Flyball, 8RXD), Distance : 446 ft
Batting: LHB Arturo Acosta 0-0: Called Strike
0-1: DOUBLE (Line Drive, 9LM)
Batting: SHB Tom Smith 0-0: Ball
1-0: Swinging Strike
1-1: Called Strike
1-2: Ball
2-2: Strikes out swinging
Top of the 1st over - 1 run(s), 2 hit(s), 0 error(s), 1 left on base; Tremont 1 - Bangor Trident Base 0
BOTTOM OF THE 1ST
Bangor Trident Base Ogres batting - Pitching for Tremont Doubledays : RHP Mike Hornberger
Pitching: RHP Mike Hornberger
Batting: RHB Tyrone Graham 0-0: Ball
1-0: Foul Ball, location: 2F
1-1: Foul Ball, location: 2F
1-2: Ball
2-2: Ball
3-2: Strikes out swinging
Batting: SHB Dustin Tucker 0-0: Foul Ball, location: 2F
0-1: Ball
1-1: Fly out, F7 (Flyball, 78M)
Batting: LHB Gerald Holloway 0-0: Foul Ball, location: 2F
0-1: Foul Ball, location: 2F
0-2: Ball
1-2: DOUBLE (Line Drive, 7LM)
Batting: RHB Chi-ju Zhang 0-0: Swinging Strike
0-1: Foul Ball, location: 2F
0-2: Ball
1-2: Strikes out swinging
Bottom of the 1st over - 0 run(s), 1 hit(s), 0 error(s), 1 left on base; Tremont 1 - Bangor Trident Base 0
TOP OF THE 2ND
Tremont Doubledays batting - Pitching for Bangor Trident Base Ogres : RHP Shannon Lambright
Batting: RHB Juan Benítez 0-0: Called Strike
0-1: Ball
1-1: Ball
2-1: Foul Ball, location: 2F
2-2: SOLO HOME RUN (Flyball, 7D), Distance : 416 ft
Batting: RHB Billy Fitzgerald 0-0: Swinging Strike
0-1: Fly out, F7 (Flyball, 78M)
Batting: RHB Floyd Banks 0-0: Called Strike
0-1: Ball
1-1: Fly out, F6 (Line Drive, 6)
Batting: RHB Manny Rodríguez 0-0: Ball
1-0: Called Strike
1-1: Called Strike
1-2: Ball
2-2: Ball
3-2: DOUBLE (Line Drive, 9LS)
Batting: RHB José Romero 0-0: Ground out 5-3 (Groundball, 56S)
Top of the 2nd over - 1 run(s), 2 hit(s), 0 error(s), 1 left on base; Tremont 2 - Bangor Trident Base 0
BOTTOM OF THE 2ND
Bangor Trident Base Ogres batting - Pitching for Tremont Doubledays : RHP Mike Hornberger
Batting: RHB Walt Richard 0-0: Foul Ball, location: 2F
0-1: Ball
1-1: Swinging Strike
1-2: Ball
2-2: Ball
3-2: Strikes out swinging
Batting: RHB Marcus Wade 0-0: Called Strike
0-1: Foul Ball, location: 2F
0-2: Ball
1-2: Fly out, F8 (Flyball, 8LM)
Batting: LHB Alex Ford 0-0: Ball
1-0: SINGLE (Line Drive, 34)
Batting: RHB Stan Hughes 0-0: Foul Ball, location: 2F
0-1: Foul Ball, location: 2F
0-2: Ball
1-2: Foul Ball, location: 2F
1-2: Foul Ball, location: 2F
1-2: Ball
2-2: Fielders Choice at 2nd, U6 (Groundball, 6MD)
Bottom of the 2nd over - 0 run(s), 1 hit(s), 0 error(s), 1 left on base; Tremont 2 - Bangor Trident Base 0
TOP OF THE 3RD
Tremont Doubledays batting - Pitching for Bangor Trident Base Ogres : RHP Shannon Lambright
Batting: SHB Ludovico Bluemel 0-0: Ball
1-0: Ball
2-0: Foul Ball, location: 2F
2-1: Called Strike
2-2: Foul Ball, location: 2F
2-2: Strikes out swinging
Batting: SHB Carroll Kline 0-0: Called Strike
0-1: Called Strike
0-2: Ball
1-2: Fly out, F8 (Flyball, 8LD)
Batting: LHB Arturo Acosta 0-0: Called Strike
0-1: Fly out, F6 (Popup, 6M)
Top of the 3rd over - 0 run(s), 0 hit(s), 0 error(s), 0 left on base; Tremont 2 - Bangor Trident Base 0
BOTTOM OF THE 3RD
Bangor Trident Base Ogres batting - Pitching for Tremont Doubledays : RHP Mike Hornberger
Batting: RHB Joe Runyon 0-0: Ball
1-0: Ground out 6-3 (Groundball, 6D)
Batting: RHB Tyrone Graham 0-0: Ball
1-0: Called Strike
1-1: Called Strike
1-2: Strikes out swinging
Batting: SHB Dustin Tucker 0-0: Ball
1-0: Ball
2-0: SOLO HOME RUN (Line Drive, 78XD), Distance : 445 ft
Batting: LHB Gerald Holloway 0-0: Called Strike
0-1: Ball
1-1: Ground out 1-3 (Groundball, 13)
Bottom of the 3rd over - 1 run(s), 1 hit(s), 0 error(s), 0 left on base; Tremont 2 - Bangor Trident Base 1
TOP OF THE 4TH
Tremont Doubledays batting - Pitching for Bangor Trident Base Ogres : RHP Shannon Lambright
Batting: SHB Tom Smith 0-0: Ball
1-0: Called Strike
1-1: Ball
2-1: Ball
3-1: Called Strike
3-2: Ground out 3-1 (Groundball, 3)
Batting: RHB Juan Benítez 0-0: Called Strike
0-1: Fly out, F9 (Flyball, 9M)
Batting: RHB Billy Fitzgerald 0-0: Ball
1-0: Foul Ball, location: 2F
1-1: Ball
2-1: SINGLE (Groundball, 34D)
Batting: RHB Floyd Banks 0-0: Foul Ball, location: 2F
0-1: Ball
1-1: Foul Ball, location: 2F
1-2: Foul Ball, location: 2F
1-2: Ball
2-2: SINGLE (Groundball, 34D)
Billy Fitzgerald to second
Runner from 2nd tries for 3rd, SAFE, no throw or cutoff
Batting: RHB Manny Rodríguez 0-0: Called Strike
0-1: Called Strike
0-2: SINGLE (Groundball, 56)
Billy Fitzgerald scores
Floyd Banks to second
Batting: RHB José Romero 0-0: Ball
1-0: Ball
2-0: Foul Ball, location: 2F
2-1: Called Strike
2-2: SINGLE (Groundball, 34D)
Floyd Banks to third
Manny Rodríguez to second
Runner from 3rd tries for Home, SAFE, throw made at trailing runner, OUT at third!
Top of the 4th over - 2 run(s), 4 hit(s), 0 error(s), 1 left on base; Tremont 4 - Bangor Trident Base 1
BOTTOM OF THE 4TH
Bangor Trident Base Ogres batting - Pitching for Tremont Doubledays : RHP Mike Hornberger
Batting: RHB Chi-ju Zhang 0-0: Swinging Strike
0-1: Fly out, F9 (Flyball, 89M)
Batting: RHB Walt Richard 0-0: Ball
1-0: DOUBLE (Line Drive, 89XD)
Batting: RHB Marcus Wade 0-0: Ball
1-0: Swinging Strike
1-1: Ball
2-1: Swinging Strike
2-2: Ball
3-2: Base on Balls
Batting: LHB Alex Ford 0-0: Ball
1-0: DOUBLE (Line Drive, 9LM)
Walt Richard scores
Marcus Wade to third
Batting: RHB Stan Hughes 0-0: Ball
1-0: Ball
2-0: Called Strike
2-1: Fly out, F6 (Line Drive, 6M)
Batting: RHB Joe Runyon 0-0: Called Strike
0-1: Called Strike
0-2: Foul Ball, location: 2F
0-2: Foul Ball, location: 2F
0-2: Strikes out swinging
Bottom of the 4th over - 1 run(s), 2 hit(s), 0 error(s), 2 left on base; Tremont 4 - Bangor Trident Base 2
TOP OF THE 5TH
Tremont Doubledays batting - Pitching for Bangor Trident Base Ogres : RHP Shannon Lambright
Batting: SHB Ludovico Bluemel 0-0: Called Strike
0-1: SINGLE (Line Drive, 4D)
Batting: SHB Carroll Kline 0-0: Called Strike
0-1: Called Strike
0-2: Strikes out swinging
Batting: LHB Arturo Acosta 0-0: Ball
1-0: Called Strike
1-1: Foul Ball, location: 2F
1-2: Strikes out swinging
Pitching: RHP Millard Kessler
Batting: SHB Tom Smith 0-0: Ball
1-0: Ball
2-0: Ball
3-0: Called Strike
3-1: Base on Balls
Ludovico Bluemel to second
Batting: RHB Juan Benítez 0-0: Foul Ball, location: 2F
0-1: Ball
1-1: Ball
2-1: Fly out, F7 (Flyball, 7LM)
Top of the 5th over - 0 run(s), 1 hit(s), 0 error(s), 2 left on base; Tremont 4 - Bangor Trident Base 2
BOTTOM OF THE 5TH
Bangor Trident Base Ogres batting - Pitching for Tremont Doubledays : RHP Mike Hornberger
Batting: RHB Tyrone Graham 0-0: Ball
1-0: Called Strike
1-1: Foul Ball, location: 2F
1-2: Ball
2-2: Ball
3-2: Foul Ball, location: 2F
3-2: Fly out, F8 (Flyball, 8RXD)
Batting: SHB Dustin Tucker 0-0: Called Strike
0-1: Ball
1-1: Ball
2-1: Called Strike
2-2: Strikes out looking
Batting: LHB Gerald Holloway 0-0: Called Strike
0-1: Called Strike
0-2: Ball
1-2: Strikes out swinging
Bottom of the 5th over - 0 run(s), 0 hit(s), 0 error(s), 0 left on base; Tremont 4 - Bangor Trident Base 2
TOP OF THE 6TH
Tremont Doubledays batting - Pitching for Bangor Trident Base Ogres : RHP Millard Kessler
Batting: RHB Billy Fitzgerald 0-0: Ball
1-0: Ball
2-0: Fly out, F8 (Flyball, 89D)
Batting: RHB Floyd Banks 0-0: Ball
1-0: Ball
2-0: Called Strike
2-1: Foul Ball, location: 2F
2-2: Foul Ball, location: 2F
2-2: Ball
3-2: Foul Ball, location: 2F
3-2: Ground out 5-3 (Groundball, 56)
Batting: RHB Manny Rodríguez 0-0: Ball
1-0: Ball
2-0: Ball
3-0: Base on Balls
Batting: RHB José Romero 0-0: Called Strike
0-1: Ball
1-1: Called Strike
1-2: Ball
2-2: Foul Ball, location: 2F
2-2: Foul Ball, location: 2F
2-2: Strikes out swinging
Top of the 6th over - 0 run(s), 0 hit(s), 0 error(s), 1 left on base; Tremont 4 - Bangor Trident Base 2
BOTTOM OF THE 6TH
Bangor Trident Base Ogres batting - Pitching for Tremont Doubledays : RHP Mike Hornberger
Batting: RHB Chi-ju Zhang 0-0: Called Strike
0-1: Ball
1-1: Ball
2-1: Foul Ball, location: 2F
2-2: Foul Ball, location: 2F
2-2: Ground out 4-3 (Groundball, 4)
Batting: RHB Walt Richard 0-0: Ball
1-0: Ball
2-0: Ground out 1-3 (Groundball, 25)
Batting: RHB Marcus Wade 0-0: Ball
1-0: Foul Ball, location: 2F
1-1: Fly out, F8 (Flyball, 8RM)
Bottom of the 6th over - 0 run(s), 0 hit(s), 0 error(s), 0 left on base; Tremont 4 - Bangor Trident Base 2
TOP OF THE 7TH
Tremont Doubledays batting - Pitching for Bangor Trident Base Ogres : RHP Millard Kessler
Batting: SHB Ludovico Bluemel 0-0: Ball
1-0: SINGLE (Line Drive, 34D)
Batting: SHB Carroll Kline 0-0: Swinging Strike
0-1: Ball
1-1: Ball
2-1: Swinging Strike
2-2: SINGLE (Groundball, 5D)
Ludovico Bluemel to second
Pitching: LHP Jesús Díaz
Pinch Hitting: RHB Juan Torres 0-0: Called Strike
0-1: Called Strike
0-2: Ball
1-2: Ball
2-2: Strikes out swinging
Pitching: RHP Benjamin Baars
Pinch Hitting: LHB Jarred Smith 0-0: Swinging Strike
0-1: DOUBLE (Line Drive, 8RXD)
Ludovico Bluemel scores
Carroll Kline to third
Runner from 3rd tries for Home, SAFE, no throw or cutoff
Batting: RHB Juan Benítez 0-0: Ground out 6-3 (Groundball, 6M)
Jarred Smith to third
Batting: RHB Billy Fitzgerald 0-0: Ball
1-0: Ball
2-0: Foul Ball, location: 2F
2-1: Foul Ball, location: 2F
2-2: Foul Ball, location: 2F
2-2: Ball
3-2: Fly out, F9 (Line Drive, 9M)
Top of the 7th over - 2 run(s), 3 hit(s), 0 error(s), 1 left on base; Tremont 6 - Bangor Trident Base 2
BOTTOM OF THE 7TH
Bangor Trident Base Ogres batting - Pitching for Tremont Doubledays : RHP Mike Hornberger
Now at 1B: Juan Torres
Now in CF: Steven Poe
Batting: LHB Alex Ford 0-0: Called Strike
0-1: Ball
1-1: Ball
2-1: Ball
3-1: Ground out 4-3 (Groundball, 4)
Batting: RHB Stan Hughes 0-0: Ground out 5-3 (Groundball, 5)
Batting: RHB Joe Runyon 0-0: Ball
1-0: SINGLE (Line Drive, 89S)
Pitching: RHP José Cabrera
Batting: RHB Tyrone Graham 0-0: Ball
1-0: Ball
2-0: Ball
3-0: Base on Balls
Joe Runyon to second
Batting: SHB Dustin Tucker 0-0: Ball
1-0: Hit by Pitch
Joe Runyon to third
Tyrone Graham to second
Pitching: LHP Glenn Boyer
Batting: LHB Gerald Holloway 0-0: Ball
1-0: Swinging Strike
1-1: Called Strike
1-2: Ball
2-2: Fly out, F9 (Line Drive, 9M)
Bottom of the 7th over - 0 run(s), 1 hit(s), 0 error(s), 3 left on base; Tremont 6 - Bangor Trident Base 2
TOP OF THE 8TH
Tremont Doubledays batting - Pitching for Bangor Trident Base Ogres : RHP Benjamin Baars
Batting: RHB Floyd Banks 0-0: Fly out, F5 (Line Drive, 5S)
Batting: RHB Manny Rodríguez 0-0: Called Strike
0-1: Called Strike
0-2: Ground out 5-3 (Groundball, 5L)
Batting: RHB José Romero 0-0: SINGLE (Flyball, 8LS)
Batting: SHB Ludovico Bluemel 0-0: Ball
1-0: Ball
2-0: Swinging Strike
2-1: Fielders Choice at 2nd, U6 (Groundball, 6M)
Top of the 8th over - 0 run(s), 1 hit(s), 0 error(s), 1 left on base; Tremont 6 - Bangor Trident Base 2
BOTTOM OF THE 8TH
Bangor Trident Base Ogres batting - Pitching for Tremont Doubledays : LHP Glenn Boyer
Pitching: RHP Tim Williams
Batting: RHB Chi-ju Zhang 0-0: Ball
1-0: Swinging Strike
1-1: Ball
2-1: Foul Ball, location: 2F
2-2: Strikes out swinging
Batting: RHB Walt Richard 0-0: Ball
1-0: Ball
2-0: Ball
3-0: Base on Balls
Batting: RHB Marcus Wade 0-0: Called Strike
0-1: Foul Ball, location: 2F
0-2: Foul Ball, location: 2F
0-2: SINGLE (Groundball, 6MD)
Walt Richard to second
Batting: LHB Alex Ford 0-0: Ball
1-0: Ball
2-0: Ball
3-0: Called Strike
3-1: Foul Ball, location: 2F
3-2: Grounds into double play, 1-6-3 (Groundball, 25)
Bottom of the 8th over - 0 run(s), 1 hit(s), 0 error(s), 1 left on base; Tremont 6 - Bangor Trident Base 2
TOP OF THE 9TH
Tremont Doubledays batting - Pitching for Bangor Trident Base Ogres : RHP Benjamin Baars
Pitching: LHP José Flores
Batting: SHB Carroll Kline 0-0: Ball
1-0: SINGLE (Line Drive, 7LS)
Pitching: RHP Jim Unknown
Batting: RHB Juan Torres 0-0: Ball
1-0: Ball
Passed Ball!
Carroll Kline to second
2-0: Intentional Walk
Batting: RHB Steven Poe 0-0: Swinging Strike
0-1: Swinging Strike
0-2: Ball
1-2: Strikes out swinging
Batting: RHB Juan Benítez 0-0: Called Strike
0-1: Called Strike
0-2: Foul Ball, location: 2F
0-2: Grounds into double play, 4-6-3 (Groundball, 4)
Top of the 9th over - 0 run(s), 1 hit(s), 0 error(s), 1 left on base; Tremont 6 - Bangor Trident Base 2
BOTTOM OF THE 9TH
Bangor Trident Base Ogres batting - Pitching for Tremont Doubledays : RHP Tim Williams
Batting: RHB Stan Hughes 0-0: Ball
1-0: Called Strike
1-1: Ball
2-1: SINGLE (Flyball, 89S)
Batting: RHB Joe Runyon 0-0: Foul Ball, location: 2F
0-1: Ball
1-1: Ball
2-1: Called Strike
2-2: Ball
3-2: Foul Ball, location: 2F
3-2: Grounds into double play, U6-3 (Groundball, 6M)
Batting: RHB Tyrone Graham 0-0: Fly out, F4 (Popup, 34)
Bottom of the 9th over - 0 run(s), 1 hit(s), 0 error(s), 0 left on base; Tremont 6 - Bangor Trident Base 2
This league is powered by Out of the Park Baseball, the baseball management simulation game for PC, Mac and Linux
Saturday, February 27th, 2021 - OOTP Baseball 15.6 Build 34